 Dungeon Crawl Stone Soup version 0.17-a0-512-gd6a67cc (webtiles) character file.

31332 nubinia the Thaumaturge (level 13, 0/87 HPs)
             Began as a Demonspawn Fire Elementalist on Apr 11, 2015.
             Was the Champion of Sif Muna.
             Slain by Snorg (8 damage)
             ... on level 7 of the Lair of Beasts on Apr 12, 2015.
             The game lasted 01:57:42 (22180 turns).

nubinia the Thaumaturge (DsFE)                     Turns: 22180, Time: 01:57:42

Health: 0/87       AC:  9    Str: 17    XL:     13   Next: 25%
Magic:  0/28       EV: 15    Int: 21    God:    Sif Muna [******]
Gold:   717        SH:  0    Dex: 14    Spells: 7 memorised, 10 levels left

rFire  . . .     SeeInvis +     b - +0 blowgun
rCold  + . .     Clarity  .     s - +0 robe of Fedhas's Benevolence {rPois SInv} (curse)
rNeg   . . .     SustAb   +     (no shield)
rPois  +         Gourm    .     o - +1 helmet
rElec  .         Spirit   +     C - +0 cloak
rCorr  .         Warding  .     N - +2 pair of gloves {Str+3}
rMut   .         Stasis   .     (boots unavailable)
MR     .....                    (no amulet)
Stlth  +++.......               q - ring of protection from cold
                                y - ring of sustain abilities

@: mighty, not resistant to hostile enchantments, fairly stealthy
A: talons 3, icy blue scales 1, powered by pain 2, magic shield, magic
regeneration
a: Channel Energy, Forget Spell, Renounce Religion


You were on level 7 of the Lair of Beasts.
You worshipped Sif Muna.
Sif Muna was exalted by your worship.
You were very hungry.

You visited 2 branches of the dungeon, and saw 16 of its levels.
You also visited: Volcano.

You collected 814 gold pieces.
You spent 97 gold pieces at shops.

Inventory:

Hand weapons
 a - a +4 quarterstaff of protection
 b - a +0 blowgun (weapon)
 l - the +8 short sword of Ointment {holy, Int+2, unknown}
   (You found it on level 5 of the Lair of Beasts)

   It has been blessed by the Shining One to cause great damage to the undead
   and demons.
   It affects your intelligence (+2).
 P - a +2 whip of electrocution
Missiles
 i - 4 curare-tipped needles
 v - 50 poisoned needles (quivered)
Armour
 o - a +1 helmet (worn)
 s - the cursed +0 robe of Fedhas's Benevolence (worn) {rPois SInv}
   (You found it on level 6 of the Lair of Beasts)

   It protects you from poison.
   It enhances your eyesight.
   It has a curse placed upon it.
 C - a +0 cloak (worn)
 N - a +2 pair of gloves of strength (worn)
 T - a +3 leather armour of cold resistance
Magical staves
 w - an uncursed staff of wizardry
 Q - an uncursed staff of cold
Jewellery
 q - a ring of protection from cold (right hand)
 y - a ring of sustain abilities (left hand)
 Y - an uncursed ring of positive energy
Magical devices
 p - a wand of fire (9)
 M - a wand of fire (11)
 O - a wand of cold (0)
 W - a wand of cold (7)
Scrolls
 m - 3 scrolls of fear
 n - 2 scrolls of enchant weapon
 t - 2 scrolls of enchant armour
 u - 5 scrolls of remove curse
 x - 3 scrolls of amnesia
 A - 9 scrolls of identify
 B - 2 scrolls of magic mapping
 F - 2 scrolls of teleportation
Potions
 d - a potion of cure mutation
 e - a potion of cancellation
 h - 3 potions of agility
 j - a potion of restore abilities
 k - 2 potions of brilliance
 z - a potion of resistance
 D - 3 potions of haste
 E - 2 potions of curing
 K - 3 potions of might
Books
 g - a Fen Folio

   Spells                             Type                      Level
   a - Corpse Rot                     Necromancy                   2
   b - Stone Arrow                    Conjuration/Earth            3
   c - Leda's Liquefaction            Hexes/Earth                  4
   d - Summon Forest                  Summoning/Translocation      5
   e - Hydra Form                     Transmutation                6
   f - Summon Hydra                   Summoning                    7
Miscellaneous
 f - a sack of spiders
 V - a lamp of fire
Comestibles
 c - 10 bread rations


   Skills:
 + Level 3.5 Fighting
   Level 1.3 Long Blades
 + Level 1.1(1.6) Maces & Flails
 + Level 1.5(1.8) Staves
 + Level 2.4 Throwing
 + Level 3.0 Armour
 + Level 5.5 Dodging
 + Level 4.2 Stealth
 * Level 11.4 Spellcasting
 * Level 11.3 Conjurations
 * Level 10.6 Fire Magic
 + Level 6.6 Invocations
 + Level 0.4 Evocations


You had 10 spell levels left.
You knew the following spells:

 Your Spells              Type           Power        Failure   Level  Hunger
a - Flame Tongue          Conj/Fire      #####        1%          1    None
b - Throw Flame           Conj/Fire      ######       1%          2    None
c - Conjure Flame         Conj/Fire      ######..     1%          3    None
d - Sticky Flame          Conj/Fire      ######..     1%          4    #......
e - Fireball              Conj/Fire      ######....   1%          5    ####...
f - Bolt of Fire          Conj/Fire      ######....   12%         6    ######.
g - Stone Arrow           Conj/Erth      #####.       1%          3    None


Dungeon Overview and Level Annotations

Branches:
Dungeon (9/15)             Temple (0/1) D:7            Lair (7/8) D:8
 Shoals (0/5) Lair:5       Spider (0/5) Lair:6        Slime (0/6) Lair:6
    Orc: D:9-12

Altars:
Cheibriados
Dithmenos
Elyvilon
Gozag
Kikubaaqudgha
Nemelex Xobeh
Okawaru
Sif Muna
Xom
Yredelemnul
Zin
The Shining One

Shops:
D:5 !   D:6 }[   D:8 [   D:9 !

Annotations:
D:5 Pikel
Lair:3 Rupert
Lair:7 Snorg


Innate Abilities, Weirdness & Mutations

You have claws for feet.
You are partially covered in icy blue scales (AC +1).
You sometimes gain power by taking damage.
When hurt, damage is shared between your health and your magic reserves.
You regenerate magic rapidly.


Message History

Snorg bites you but does no damage. Snorg claws you.
* * * LOW HITPOINT WARNING * * *
Snorg claws you!
* * * LOW HITPOINT WARNING * * *
You focus on the pain.
You feel your power returning.
Drink which item? (? for menu, Esc to quit)
Okay, then.
Read which item? (? for menu, Esc to quit)
Okay, then.
Snorg burns!
Snorg burns!
Snorg stops burning.
Snorg barely misses you. Snorg claws you!
* * * LOW HITPOINT WARNING * * *
Snorg claws you!
* * * LOW HITPOINT WARNING * * *
Drink which item? (? for menu, Esc to quit)
You feel much better. Snorg misses you. Snorg claws you!!
* * * LOW HITPOINT WARNING * * *
Snorg claws you but does no damage. Snorg bites you!
You die...

.#.......P...#P..P#
.................##
...........[....P#
.................##
.................P#
...........<.....##
.................##
...........T......P#
.P........#@#P....##
#..........###.....#
#........#.......###
#.......##........#
+.........#....#...#
.............#...##
........#.....#...#
..................#
................##


You could see Snorg (berserk).

Vanquished Creatures
  Gastronok (D:8)
  3 hydras
  2 catoblepae (Lair:5)
  Erica (D:8)
  6 death yaks
  Sonja (Lair:4)
  A manticore (Lair:5)
  A griffon (Lair:5)
  2 black mambas
  Joseph (D:8)
  A fire drake (Lair:6)
  5 komodo dragons
  10 spiny frogs
  A polar bear (Lair:5)
  Prince Ribbit (D:5)
  A two-headed ogre (D:9)
  12 blink frogs
  4 hippogriffs
  23 yaks
  A fire bat (Volcano)
  6 wolves (Lair:2)
  3 basilisks
  A hungry ghost (D:6)
  A wyvern (D:9)
  8 water moccasins
  A sky beast (D:6)
  12 porcupines
  A slave (D:5)
  A necrophage (D:6)
  A wasp (D:8)
  4 centaurs
  3 ice beasts
  2 orc warriors
  A phantom (D:4)
  4 ogres
  A big kobold (D:8)
  A gnoll sergeant (D:7)
  6 crocodiles
  8 giant frogs
  2 water moccasin zombies
  3 killer bees (D:9)
  A water moccasin skeleton (D:5)
  3 goliath beetles
  3 electric eels
  2 centaur zombies (D:5)
  A crimson imp (D:9)
  A giant frog zombie (D:8)
  13 hounds
  A human zombie (D:2)
  2 giant frog skeletons
  A jelly (D:8)
  6 orc priests
  Ijyb (D:4)
  A centaur skeleton (D:6)
  2 orc wizards
  10 worker ants
  11 iguanas
  A hound zombie (D:6)
  17 adders
  13 gnolls
  39 river rats
  3 shadow imps
  6 worms
  2 adder skeletons (D:6)
  An adder zombie (D:5)
  2 giant geckos
  An ooze (D:1)
  19 orcs
  16 bats
  5 giant cockroaches
  17 goblins
  15 hobgoblins
  28 jackals
  13 quokkas
  3 ball pythons
  A giant gecko skeleton (D:4)
  A giant spore (D:6)
  2 jackal skeletons
  27 kobolds
  A kobold skeleton (D:2)
  A kobold zombie (D:2)
  A quokka zombie (D:6)
  13 rats
  A butterfly (Lair:3)
  A plant (Lair:3)
457 creatures vanquished.

Vanquished Creatures (collateral kills)
  A quokka (D:8)
1 creature vanquished.

Vanquished Creatures (others)
  An adder (D:8)
  An orc (D:8)
  2 fungi
4 creatures vanquished.

Grand Total: 462 creatures vanquished

Notes
Turn   | Place    | Note
--------------------------------------------------------------
     0 | D:1      | nubinia, the Demonspawn Fire Elementalist, began the quest for the Orb.
     0 | D:1      | Reached XP level 1. HP: 13/13 MP: 3/3
   187 | D:1      | Reached skill level 3 in Fire Magic
   227 | D:1      | Gained mutation: You are partially covered in icy blue scales (AC +1). [demonic ancestry]
   227 | D:1      | Reached XP level 2. HP: 13/19 MP: 0/5
   437 | D:1      | Learned a level 2 spell: Throw Flame
  1235 | D:2      | Gained mutation: You sometimes gain a little power by taking damage. [demonic ancestry]
  1235 | D:2      | Reached XP level 3. HP: 24/24 MP: 3/6
  1240 | D:2      | Learned a level 3 spell: Conjure Flame
  1658 | D:2      | Gained mutation: When hurt, damage is shared between your health and your magic reserves. [demonic ancestry]
  1658 | D:2      | Reached XP level 4. HP: 30/30 MP: 4/7
  1927 | D:2      | Noticed a human
  1928 | D:2      | Found a runed door.
  1932 | D:2      | Found a basalt altar of Yredelemnul.
  2133 | D:3      | Noticed a necrophage
  2133 | D:3      | Noticed an orc warrior
  2470 | D:3      | Found a white marble altar of Elyvilon.
  2778 | D:3      | Reached XP level 5. HP: 36/36 MP: 6/9
  2784 | D:3      | Learned a level 4 spell: Sticky Flame
  2837 | D:3      | Found a shimmering altar of Xom.
  3257 | D:4      | Noticed an ogre
  3320 | D:4      | Found a shadowy altar of Dithmenos.
  3626 | D:4      | Noticed an ogre
  3661 | D:4      | Killed an ogre
  3661 | D:4      | Gained mutation: You have sharp toenails. [demonic ancestry]
  3661 | D:4      | Reached XP level 6. HP: 42/42 MP: 1/11
  3909 | D:4      | Found an iron altar of Okawaru.
  4402 | D:4      | Killed an ogre
  4402 | D:4      | Reached skill level 4 in Fire Magic
  4498 | D:4      | Reached skill level 1 in Fighting
  4811 | D:4      | Gained mutation: You have razor-sharp toenails. [demonic ancestry]
  4811 | D:4      | Reached XP level 7. HP: 48/48 MP: 13/13
  4835 | D:4      | Reached skill level 1 in Long Blades
  4930 | D:4      | Noticed Ijyb
  4940 | D:4      | Killed Ijyb
  5554 | D:5      | Entered Level 5 of the Dungeon
  5554 | D:5      | Noticed Prince Ribbit
  5562 | D:5      | Killed Prince Ribbit
  5714 | D:5      | Found Saipliha's Distillery.
  5738 | D:5      | Reached skill level 5 in Conjurations
  5948 | D:5      | Noticed Pikel
  6549 | D:5      | Gained mutation: You regenerate magic rapidly. [demonic ancestry]
  6549 | D:5      | Reached XP level 8. HP: 34/54 MP: 9/14
  7564 | D:6      | Reached skill level 5 in Fire Magic
  7605 | D:6      | Reached skill level 5 in Spellcasting
  7763 | D:6      | Found an opulent altar of Gozag.
  7974 | D:6      | Found Cell's Armour Shop.
  7984 | D:6      | Reached skill level 1 in Throwing
  7984 | D:6      | Reached skill level 6 in Conjurations
  8117 | D:6      | Found a deep blue altar of Sif Muna.
  8120 | D:6      | Became a worshipper of Sif Muna the Loreminder
  8169 | D:6      | Learned a level 5 spell: Fireball
  8179 | D:6      | You fall through a shaft for 3 floors!
  8320 | D:9      | Reached XP level 9. HP: 61/61 MP: 15/17
  8735 | D:6      | Found Safis's Gadget Boutique.
  8768 | D:6      | Acquired Sif Muna's first power
  9780 | D:7      | Reached skill level 7 in Conjurations
 10332 | D:7      | Acquired Sif Muna's second power
 10644 | D:7      | Found a staircase to the Ecumenical Temple.
 10998 | D:8      | Noticed Joseph
 11017 | D:8      | Killed Joseph
 11176 | D:8      | Found Oximnot's Antique Armour Boutique.
 11189 | D:8      | Bought a runed leather armour for 72 gold pieces
 11189 | D:8      | Bought an embroidered robe for 25 gold pieces
 11220 | D:8      | Noticed Gastronok
 11256 | D:8      | Killed Gastronok
 11256 | D:8      | Reached skill level 1 in Maces & Flails
 11256 | D:8      | Reached skill level 8 in Conjurations
 11256 | D:8      | Reached skill level 1 in Invocations
 11256 | D:8      | Gained mutation: You have claws for feet. [demonic ancestry]
 11256 | D:8      | Reached XP level 10. HP: 41/69 MP: 8/21
 11518 | D:8      | Found a snail-covered altar of Cheibriados.
 11521 | D:8      | Found an ancient bone altar of Kikubaaqudgha.
 11704 | D:8      | Found a sparkling altar of Nemelex Xobeh.
 11705 | D:8      | Found a staircase to the Lair.
 11882 | D:8      | Noticed Erica
 11895 | D:8      | Killed Erica
 11895 | D:8      | Reached skill level 1 in Armour
 12095 | D:8      | Found a glowing silver altar of Zin.
 12118 | D:9      | Found Guas's Distillery.
 12180 | D:9      | Noticed a two-headed ogre
 12185 | D:9      | Killed a two-headed ogre
 12240 | D:9      | Found a glowing golden altar of the Shining One.
 12348 | Lair:1   | Entered Level 1 of the Lair of Beasts
 12397 | D:8      | Acquired Sif Muna's third power
 13023 | Lair:1   | Reached XP level 11. HP: 66/75 MP: 8/23
 13672 | Lair:2   | Reached skill level 9 in Conjurations
 15913 | Lair:3   | Noticed Rupert
 16120 | Lair:3   | Noticed a five-headed hydra
 16134 | Lair:3   | Killed a five-headed hydra
 16783 | Lair:3   | Reached skill level 5 in Dodging
 16946 | Lair:3   | Paralysed by Rupert for 4 turns
 17003 | Lair:3   | Paralysed by Rupert for 5 turns
 17042 | Lair:3   | Reached skill level 1 in Staves
 17042 | Lair:3   | Reached skill level 10 in Conjurations
 17362 | Lair:4   | Gained mutation: You sometimes gain power by taking damage. [demonic ancestry]
 17362 | Lair:4   | Reached XP level 12. HP: 71/81 MP: 17/25
 17608 | Lair:4   | Noticed Sonja
 17619 | Lair:4   | Killed Sonja
 17619 | Lair:4   | Reached skill level 10 in Spellcasting
 17633 | Lair:4   | Received a gift from Sif Muna
 17931 | Lair:4   | Identified a scroll of acquirement
 18582 | Lair:5   | Noticed a catoblepas
 18636 | Lair:5   | Noticed an eight-headed hydra
 18796 | Lair:5   | Found a staircase to the Shoals.
 18910 | Lair:5   | Killed a catoblepas
 19057 | Lair:5   | Learned a level 6 spell: Bolt of Fire
 19131 | Lair:5   | Reached skill level 5 in Invocations
 19179 | Lair:5   | Killed an eight-headed hydra
 19196 | Lair:5   | Got a bone short sword
 19345 | Lair:5   | Reached skill level 10 in Fire Magic
 19655 | Lair:6   | Found a dark tunnel.
 19843 | Volcano  | Entered a volcano
 20189 | Lair:6   | Found a hole to the Spider Nest.
 20234 | Lair:6   | Found a staircase to the Slime Pits.
 20348 | Lair:6   | Noticed a six-headed hydra
 20377 | Lair:6   | Killed a six-headed hydra
 20546 | Lair:6   | Noticed a catoblepas
 20637 | Lair:6   | Found a snail-covered altar of Cheibriados.
 20670 | Lair:5   | Reached skill level 11 in Conjurations
 20947 | Lair:5   | Reached XP level 13. HP: 66/87 MP: 22/28
 21167 | Lair:5   | Killed a catoblepas
 21167 | Lair:5   | Received a gift from Sif Muna
 21173 | Lair:5   | Learned a level 3 spell: Stone Arrow
 21902 | Lair:6   | Got a silken robe
 21914 | Lair:6   | Identified the cursed +0 robe of Fedhas's Benevolence {rPois SInv} (You found it on level 6 of the Lair of Beasts)
 22149 | Lair:7   | Noticed Snorg
 22178 | Lair:7   | HP: 3/87 [Snorg (4)]
 22180 | Lair:7   | Slain by Snorg

Action                   |  1- 3 |  4- 6 |  7- 9 | 10-12 | 13-15 || total
-------------------------+-------+-------+-------+-------+-------++-------
Melee: Unarmed           |    14 |       |       |       |       ||    14
       Dagger            |    15 |     7 |    10 |       |       ||    32
       Falchion          |       |    53 |    91 |       |       ||   144
       Whip              |       |       |    52 |    73 |       ||   125
       Quarterstaff      |       |       |       |   135 |    10 ||   145
 Fire: Blowgun           |       |       |    50 |    16 |     2 ||    68
 Cast: Flame Tongue      |    59 |   103 |   148 |   215 |     7 ||   532
       Throw Flame       |     1 |    13 |    93 |   178 |    10 ||   295
       Conjure Flame     |       |     1 |     4 |     1 |     1 ||     7
       Sticky Flame      |       |       |    20 |    67 |    19 ||   106
       Fireball          |       |       |     5 |    53 |    14 ||    72
       Bolt of Fire      |       |       |       |     3 |       ||     3
Invok: Channel Energy    |       |       |     5 |   106 |    11 ||   122
Evoke: Wand              |       |       |       |     5 |       ||     5
  Use: Scroll            |     4 |    10 |     4 |    12 |     1 ||    31
       Potion            |       |     4 |     3 |     5 |     1 ||    13
 Stab: Sleeping          |       |     2 |     9 |     9 |       ||    20
       Distracted        |       |       |     1 |       |       ||     1
  Eat: Chunk             |     3 |    11 |    24 |    54 |     4 ||    96
       Royal jelly       |       |       |     1 |       |       ||     1
       Pizza             |       |       |       |     2 |       ||     2
       Beef jerky        |       |       |       |     3 |       ||     3
       Fruit             |       |       |       |     1 |       ||     1
       Bread ration      |       |       |       |       |     1 ||     1
